Map: Oxide LE

Players

LiquidClem (Clem) - Winner!

  • Race: Terran Terran
  • League: Grandmaster
  • Spawn Location: 7:00

Serral

  • Race: Zerg Zerg
  • League: Master
  • Spawn Location: 1:00

Event: DreamHack SC2 Masters 2020 Winter

VOD

Have the link to the VOD?

Description

Time

  • Played on: Nov. 8, 2020, 1:07 p.m.
  • Length: 11:08

All games in this series

Show
View Real Time Build Order
Export as new Build Order

LiquidClem Terran - Winner!

Build Orders: Hellion Opening, Reaper Expand 

Get SALT Encoding   

  12  0:00  SCV  
  13  0:12  SCV  
  14  0:16  Supply Depot  
  14  0:24  SCV  
  15  0:38  SCV  
  15  0:39  Barracks  
  16  0:44  Refinery  
  16  0:50  SCV  
  17  1:02  SCV  
  18  1:14  SCV  
  19  1:26  Reaper, Orbital Command  
  20  1:39  Command Center  
  20  1:48  Supply Depot  
  20  1:52  SCV  
  21  1:58  Marine  
  22  2:04  SCV  
  23  2:13  Factory  
  23  2:16  SCV  
  23  2:21  Barracks Reactor  
  24  2:28  SCV  
  25  2:38  Command Center  
  25  2:40  SCV  
  26  2:51  Orbital Command  
  26  2:53  SCV  
  27  3:00  Starport  
  27  3:04  Hellion  
  29  3:06  SCV  
  29  3:10  Hellion  
  32  3:15  Refinery  
  32  3:17  SCV, Barracks Tech Lab  
  32  3:19  SCV  
  34  3:30  Hellion  
  34  3:31  SCV, Hellion  
  34  3:32  SCV  
  40  3:43  SCV, Medivac  
  40  3:46  SCV  
  40  3:47  Marine  
  45  3:51  Orbital Command  
  45  3:55  Hellion x2  
  49  3:56  SCV  
  49  3:58  SCV  
  51  4:03  Supply Depot  
  51  4:04  Stimpack  
  51  4:08  SCV  
  52  4:10  SCV  
  57  4:17  SCV  
  57  4:20  SCV  
  57  4:21  Starport Reactor  
  55  4:26  Barracks  
  55  4:29  SCV, Supply Depot  
  55  4:30  Refinery, Barracks  
  55  4:31  SCV  
  57  4:33  SCV, Factory Reactor  
  57  4:34  Marine  
  59  4:41  SCV  
  59  4:43  SCV  
  61  4:51  SCV, Supply Depot, Refinery  
  61  4:52  Marine  
  61  4:54  SCV  
  61  4:55  Factory  
  61  4:59  Orbital Command  
  61  5:03  Starport Reactor  
  61  5:04  SCV, Armory  
  61  5:06  SCV  
  62  5:10  Marine  
  62  5:13  Supply Depot  
  63  5:15  Widow Mine x2  
  63  5:16  SCV  
  63  5:18  SCV  
  63  5:20  Marine x3  
  72  5:26  SCV  
  72  5:27  Marine x2  
  72  5:28  SCV  
  76  5:30  SCV, Supply Depot  
  76  5:35  Engineering Bay x2  
  77  5:38  SCV, Marine x2, Widow Mine x2  
  77  5:40  SCV  
  77  5:42  Factory Tech Lab  
  85  5:44  SCV, Supply Depot  
  85  5:45  Marine x3  
  89  5:50  SCV  
  89  5:51  Medivac  
  89  5:53  SCV  
  93  5:58  SCV  
  93  5:59  Medivac  
  93  6:00  Supply Depot, Marine  
  93  6:02  Drilling Claws  
  93  6:03  Terran Infantry Weapons Level 1, Terran Infantry Armor Level 1  
  97  6:04  Widow Mine  
  97  6:05  Marine  
  97  6:06  Marine  
  97  6:07  SCV  
  97  6:08  SCV  
  97  6:10  SCV  
  104  6:16  Refinery, Marine  
  104  6:17  Refinery  
  105  6:18  Supply Depot  
  105  6:19  SCV  
  105  6:20  SCV, Widow Mine  
  105  6:21  Marine, Widow Mine  
  105  6:23  SCV  
  105  6:25  Marine x2  
  114  6:27  Marine  
  114  6:31  SCV  
  117  6:33  Supply Depot  
  117  6:35  Supply Depot  
  117  6:39  Marine  
  117  6:40  SCV x2, Medivac x2  
  117  6:46  SCV, Marine  
  117  6:47  Supply Depot  
  124  6:49  Marine  
  125  6:55  SCV, Marine, Widow Mine x2  
  125  6:56  Supply Depot, Widow Mine  
  125  7:00  Marauder  
  125  7:01  Combat Shield, Barracks  
  135  7:02  Barracks  
  135  7:06  Marine x3  
  138  7:12  Marine  
  138  7:14  Sensor Tower  
  138  7:15  Supply Depot  
  139  7:16  Medivac x2  
  139  7:17  Widow Mine  
  139  7:21  Marine, Widow Mine x2  
  150  7:24  Marine  
  150  7:26  Marine  
  150  7:32  Command Center  
  150  7:34  Marine  
  150  7:35  Marine  
  146  7:38  Widow Mine  
  146  7:39  Marine  
  147  7:44  Widow Mine  
  147  7:46  Medivac  
  147  7:47  Supply Depot, Medivac  
  147  7:49  Barracks Tech Lab  
  147  7:50  Barracks Reactor  
  153  7:52  Marine  
  153  7:53  Supply Depot  
  153  7:57  Marauder  
  153  7:58  Marine x2  
  154  8:01  Marine, Widow Mine  
  159  8:05  Widow Mine  
  159  8:10  Marine, Widow Mine  
  159  8:12  Concussive Shells  
  164  8:13  Supply Depot, Marauder  
  164  8:16  Medivac, Marine  
  164  8:17  Terran Infantry Armor Level 2, Terran Infantry Weapons Level 2  
  164  8:18  Marine x2  
  169  8:20  Supply Depot, Marine  
  169  8:22  Supply Depot  
  169  8:24  Widow Mine  
  172  8:27  Marine, Widow Mine  
  172  8:28  Marine  
  172  8:30  Marine  
  172  8:34  Medivac, Marine  
  178  8:36  Marauder  
  182  8:43  Supply Depot  
  182  8:44  Marine, Widow Mine  
  182  8:46  Medivac  
  182  8:47  Terran Vehicle And Ship Armor Level 1, Marine  
  186  8:49  SCV, Marine  
  186  8:52  Marauder  
  190  8:58  Marauder, Marine x2, Widow Mine  
  188  9:07  Widow Mine, Sensor Tower  
  179  9:11  Marine x2, Widow Mine  
  179  9:12  Medivac  
  179  9:13  Marauder, Marine x2  
  179  9:16  Marine x2  
  180  9:18  Liberator  
  180  9:19  Marauder, Widow Mine  
  186  9:29  Marine x2  
  186  9:31  Marine x2  
  190  9:33  Planetary Fortress  
  190  9:34  SCV, Marine, Barracks x2  
  190  9:36  SCV, Barracks  
  193  9:40  Marauder  
  193  9:42  Liberator  
  198  9:47  Marauder  
  187  9:54  Marine x2  
  187  9:55  Widow Mine, Marine  
  187  10:02  Marauder, Widow Mine  
  187  10:04  Marine  
  187  10:05  Widow Mine  
  187  10:06  Marine x2  
  194  10:08  Marauder  
  194  10:11  Liberator  
  189  10:14  SCV x2  
  189  10:15  SCV x2, Command Center  
  189  10:16  Widow Mine  
  191  10:23  Marauder, Widow Mine  
  191  10:27  Widow Mine  
  193  10:30  Marauder, Marine x2  
  197  10:36  Command Center  
  197  10:37  Widow Mine  
  197  10:40  SCV x2  
  197  10:41  SCV x2  
  197  10:42  Marine x4  
  191  10:43  Marine  
  191  10:44  Marauder  
  191  10:45  Widow Mine  
  196  10:50  Marine  
  196  10:55  SCV  
  196  10:56  SCV  
Show
View Real Time Build Order
Export as new Build Order

Serral Zerg 

Build Orders: Hatch First 

Get SALT Encoding   

  12  0:00  Drone  
  13  0:12  Overlord  
  13  0:16  Drone  
  14  0:30  Drone x2  
  16  0:48  Hatchery  
  15  0:51  Drone  
  15  0:55  Drone  
  17  0:58  Drone  
  18  1:09  Extractor  
  17  1:13  Spawning Pool  
  17  1:16  Drone  
  17  1:20  Drone  
  18  1:28  Drone  
  19  1:39  Drone  
  20  1:49  Drone  
  21  2:00  Queen x2  
  21  2:01  Zergling x4  
  27  2:11  Overlord  
  27  2:12  Drone  
  27  2:13  Metabolic Boost  
  28  2:28  Hatchery  
  27  2:30  Drone  
  27  2:33  Drone  
  29  2:39  Drone x2  
  31  2:46  Queen  
  31  2:51  Overlord  
  33  2:55  Drone x2  
  33  2:58  Drone  
  36  3:10  Drone x4  
  36  3:11  Overlord  
  40  3:16  Drone  
  40  3:19  Drone  
  42  3:22  Queen  
  44  3:29  Queen  
  44  3:32  Overlord  
  46  3:35  Drone  
  46  3:37  Drone  
  46  3:39  Drone x2  
  46  3:41  Drone x2  
  52  3:45  Queen  
  54  3:51  Drone  
  54  3:55  Zergling x2  
  56  3:56  Drone x2  
  56  3:57  Drone  
  56  3:58  Overlord  
  56  4:01  Queen  
  61  4:06  Overlord  
  61  4:09  Zergling x2  
  61  4:10  Drone x3  
  61  4:12  Overlord  
  64  4:18  Zergling x2  
  64  4:19  Drone x3  
  64  4:24  Overlord  
  68  4:30  Extractor  
  67  4:31  Zergling x2  
  67  4:32  Zergling x2, Evolution Chamber  
  67  4:33  Zergling x2, Drone  
  67  4:34  Evolution Chamber, Drone x2  
  71  4:39  Zergling x2  
  71  4:41  Drone  
  71  4:45  Drone x4  
  77  4:53  Drone  
  77  4:54  Drone x2  
  77  4:55  Overlord  
  77  4:56  Drone  
  81  5:00  Zerg Melee Weapons Level 1  
  81  5:01  Zerg Ground Armor Level 1  
  81  5:02  Extractor  
  81  5:03  Overlord  
  81  5:04  Drone x2, Extractor  
  81  5:10  Lair  
  81  5:12  Drone  
  81  5:13  Hatchery  
  81  5:15  Drone x2  
  81  5:19  Spore Crawler  
  82  5:22  Overlord  
  82  5:23  Drone  
  82  5:24  Drone x2, Baneling Nest  
  82  5:28  Overlord  
  84  5:29  Drone  
  84  5:34  Drone x5  
  90  5:37  Overlord  
  90  5:40  Zergling x6  
  90  5:41  Zergling x2  
  93  5:46  Drone x2  
  95  5:51  Hatchery  
  95  5:54  Zergling x8  
  98  5:57  Zergling x4  
  98  6:00  Zergling x6  
  98  6:03  Overlord  
  103  6:09  Centrifical Hooks  
  103  6:12  Zergling x4  
  103  6:13  Zergling x2  
  103  6:16  Zergling x6  
  109  6:18  Overlord  
  109  6:22  Spore Crawler  
  109  6:23  Overseer  
  107  6:35  Drone x2  
  107  6:37  Queen  
  107  6:38  Spore Crawler, Drone  
  107  6:39  Drone x7  
  118  6:42  Spore Crawler, Drone x2  
  118  6:44  Spine Crawler  
  118  6:45  Zergling x2  
  119  6:48  Baneling x5  
  119  6:50  Baneling  
  119  6:51  Baneling x6  
  119  6:52  Pneumatized Carapace  
  119  6:56  Zerg Melee Weapons Level 2, Drone  
  119  6:57  Zerg Ground Armor Level 2  
  120  7:03  Zergling x10, Overseer  
  120  7:05  Spine Crawler  
  120  7:08  Drone  
  125  7:10  Zergling x8  
  129  7:18  Zergling x16  
  134  7:32  Drone x3  
  134  7:35  Drone x4  
  134  7:36  Drone x2  
  134  7:38  Drone x3  
  134  7:42  Drone x5  
  134  7:43  Baneling  
  134  7:44  Infestation Pit, Baneling x2  
  142  7:46  Zergling x6  
  142  7:49  Baneling x7  
  144  7:53  Overlord x2  
  144  7:56  Zergling x8  
  146  7:59  Zergling x2  
  146  8:00  Zergling x4  
  146  8:04  Zergling x2  
  150  8:08  Extractor  
  150  8:10  Zergling x8  
  153  8:13  Hatchery  
  153  8:15  Overlord  
  153  8:16  Drone x5  
  157  8:24  Hive  
  157  8:27  Drone x2  
  157  8:31  Zergling x18  
  168  8:36  Zergling x2  
  169  8:43  Overlord x3  
  169  8:47  Zergling x2, Burrow  
  169  8:48  Zergling x12  
  175  8:55  Zergling x14  
  170  9:04  Drone x5  
  170  9:06  Baneling x6  
  154  9:13  Zergling x22  
  154  9:14  Baneling x3  
  154  9:18  Zergling x8  
  154  9:23  Drone x4  
  159  9:32  Drone x3, Extractor  
  161  9:39  Overseer  
  161  9:40  Infestation Pit  
  161  9:42  Ultralisk Cavern  
  160  9:45  Baneling x2  
  160  9:46  Baneling x6  
  151  9:54  Zergling x20  
  151  9:58  Zergling x6  
  151  9:59  Zergling x4  
  143  10:14  Drone  
  139  10:15  Drone  
  139  10:16  Drone  
  138  10:23  Drone x2  
  138  10:25  Zergling x44  
  138  10:27  Baneling x6  
  138  10:28  Baneling x5  
  152  10:39  Zergling x18  
  152  10:42  Baneling x2  
  152  10:45  Baneling x4  
  152  10:46  Baneling  
  152  10:49  Zergling x2  
  139  10:50  Zergling x16  
Tags
 
Add a new tag
Caveats
  • Supply blocks, unpowered buildings, or Contaminate may cause inaccurate times.
  • Supply counts are checked every 10 seconds.